[Event "Titled Tuesday Blitz February 22 Early 2022"]
[White "Moroni, Luca Jr"]
[Black "Ljukin, Sergei"]
[WhiteFideId "865834"]
[BlackFideId "14102200"]
[WhiteElo "2573"]
[BlackElo "2312"]
[Result "1-0"]
[Round "01"]
[TimeControl "180+1"]
[Date "2022.02.22"]
[WhiteClock "0:00:11"]
[BlackClock "0:00:08"]

1. d4 d5 2. c4 c6 3. Nc3 Nf6 4. cxd5 cxd5 5. Bf4 Nc6 6. e3 Bf5 7. Qb3 Na5 8. Qa4+ Bd7 9. Qd1 e6 10. Bd3 Bb4 11. Nf3 Rc8 12. Rc1 Nc4 13. Bxc4 Rxc4 14. O-O Bxc3 15. bxc3 Ne4 16. Qb3 Qc8 17. Qb2 Nxc3 18. Rc2 Na4 19. Rxc4 dxc4 20. Qc2 O-O 21. Ng5 g6 22. Ne4 f6 23. Bh6 Rf7 24. Nd6 Qc6 25. Nxf7 Kxf7 26. e4 b5 27. Be3 c3 28. Rd1 Nb2 29. d5 Qc7 30. Rd4 e5 31. Rb4 a5 32. Rxb2 cxb2 33. Qxc7 b1=Q+ 34. Bc1 Ke8 35. f3 Qd3 36. h3 Qc4 37. Qb8+ Qc8 38. Qxc8+ Bxc8 39. Kf2 b4 40. Be3 Ba6 41. Bb6 a4 42. Bc5 b3 43. axb3 axb3 44. Ba3 Kd7 45. g3 Bc4 46. Bb2 Bd3 47. Ke3 Bc2 48. f4 exf4+ 49. gxf4 Bb1 50. Bxf6 Kd6 51. Bb2 Bc2 52. Kd4 Bb1 53. h4 Bc2 54. e5+ Kd7 55. e6+ Kd8 56. Ke5 1-0


[Site "https://www.chess.com"]

[Event "Titled Tuesday Blitz February 22 Early 2022"]
[White "Moskvin, Anatoly"]
[Black "Yeletsky, Ivan"]
[WhiteFideId "24199990"]
[BlackFideId "24180327"]
[WhiteElo "2079"]
[BlackElo "2348"]
[Result "0-1"]
[Round "01"]
[TimeControl "180+1"]
[Date "2022.02.22"]
[WhiteClock "0:00:05"]
[BlackClock "0:00:30"]

1. e4 Nf6 2. Nc3 d5 3. e5 Nfd7 4. e6 fxe6 5. d4 c5 6. Nf3 Nc6 7. Bb5 a6 8. Bxc6 bxc6 9. Qe2 e5 10. dxe5 e6 11. Bg5 Be7 12. h4 O-O 13. O-O-O Rb8 14. Rde1 a5 15. Rh3 h6 16. Bxe7 Qxe7 17. h5 Rf5 18. g4 Rf4 19. Nh4 Qg5 20. Kb1 Qxg4 21. Ng6 Qxe2 22. Rxe2 Rg4 23. a4 Ba6 24. Re1 Re8 25. f4 Nf8 26. f5 exf5 27. e6 Nxg6 28. hxg6 Rxg6 29. Rf3 Rgxe6 30. Rg1 Re1+ 0-1


[Site "https://www.chess.com"]

[Event "Titled Tuesday Blitz February 22 Early 2022"]
[White "Muradli, Mahammad"]
[Black "Shohat, Yotam"]
[WhiteFideId "13409301"]
[BlackFideId "2813955"]
[WhiteElo "2645"]
[BlackElo "2119"]
[Result "1-0"]
[Round "01"]
[TimeControl "180+1"]
[Date "2022.02.22"]
[WhiteClock "0:00:58"]
[BlackClock "0:00:01"]

1. Nf3 Nf6 2. c4 g6 3. b3 Bg7 4. Bb2 O-O 5. g3 d6 6. d4 Nbd7 7. Bg2 c6 8. O-O Re8 9. Nc3 e5 10. e4 exd4 11. Nxd4 Nc5 12. Re1 Bg4 13. Qc2 Qc8 14. f3 Bh3 15. Rad1 h5 16. Nde2 h4 17. Nf4 Bxg2 18. Kxg2 g5 19. Nd3 h3+ 20. Kg1 Ne6 21. Nf2 Qc7 22. Nxh3 g4 23. fxg4 Nxg4 24. Qe2 Ne5 25. Qf1 Rad8 26. Nf4 Ng5 27. Kh1 Qd7 28. Re2 Qg4 29. Qg2 Ne6 30. Rf1 Nd4 31. Rd2 Ng6 32. Nd1 Ne6 33. Ne3 Qg5 34. Bxg7 Kxg7 35. Nf5+ Kg8 36. Nxd6 Nexf4 37. gxf4 Qxg2+ 38. Kxg2 Re6 39. c5 f6 40. f5 1-0


[Site "https://www.chess.com"]

[Event "Titled Tuesday Blitz February 22 Early 2022"]
[White "Muradov, Soltan"]
[Black "Hjartarson, Johann"]
[WhiteFideId "14002108"]
[BlackFideId "2300044"]
[WhiteElo "1854"]
[BlackElo "2484"]
[Result "0-1"]
[Round "01"]
[TimeControl "180+1"]
[Date "2022.02.22"]
[WhiteClock "0:01:38"]
[BlackClock "0:02:10"]

1. e4 Nf6 2. Nc3 e5 3. Nf3 d6 4. d4 exd4 5. Nxd4 Be7 6. Be2 O-O 7. Be3 a6 8. a4 Re8 9. Qd2 Bf8 10. f3 c5 11. Nb3 Nc6 12. O-O Be6 13. Rad1 Ne5 14. Bg5 h6 15. Bh4 Ng6 16. Bg3 d5 17. exd5 Nxd5 18. Nxd5 Bxd5 19. Qxd5 Qxd5 20. Rxd5 Rxe2 21. Nxc5 Rxc2 22. Rf2 Bxc5 0-1


[Site "https://www.chess.com"]

[Event "Titled Tuesday Blitz February 22 Early 2022"]
[White "Nenezic, Marko"]
[Black "Martin, Lewis"]
[WhiteFideId "912123"]
[BlackFideId "410551"]
[WhiteElo "2484"]
[BlackElo "2145"]
[Result "1-0"]
[Round "01"]
[TimeControl "180+1"]
[Date "2022.02.22"]
[WhiteClock "0:01:23"]
[BlackClock "0:01:40"]

1. Nf3 d5 2. g3 Nf6 3. Bg2 c6 4. O-O e6 5. d3 Nbd7 6. Nbd2 Be7 7. e4 dxe4 8. dxe4 O-O 9. Qe2 b6 10. Rd1 Qc7 11. Nc4 Ba6 12. b3 Rad8 13. a4 b5 14. Bf4 Qc8 15. Nd6 Qa8 16. axb5 Bxb5 17. c4 e5 18. Nxe5 Nxe5 19. Bxe5 Bxd6 20. Bxd6 Rfe8 21. cxb5 1-0


[Site "https://www.chess.com"]

[Event "Titled Tuesday Blitz February 22 Early 2022"]
[White "Nesterov, Arseniy"]
[Black "wisdomboy"]
[WhiteFideId "24198455"]
[WhiteElo "2489"]
[BlackElo "2453"]
[Result "1-0"]
[Round "01"]
[TimeControl "180+1"]
[Date "2022.02.22"]
[WhiteClock "0:00:30"]
[BlackClock "0:00:10"]

1. d4 Nf6 2. c4 e6 3. Nf3 d5 4. Nc3 c6 5. e3 Be7 6. Bd3 O-O 7. O-O dxc4 8. Bxc4 b5 9. Bd3 Bb7 10. a3 a6 11. b4 Nbd7 12. e4 Nb6 13. Be3 a5 14. Rb1 axb4 15. axb4 Na4 16. Ne2 Nb6 17. Qc2 Ra4 18. Bd2 h6 19. Rfc1 Qa8 20. h3 Ra2 21. Rb2 Ra3 22. Be3 Na4 23. Rb3 Rxb3 24. Qxb3 Rd8 25. Ne5 Bd6 26. Nf3 Be7 27. Nf4 Nb6 28. d5 Nbd7 29. dxe6 Nf8 30. exf7+ Kh8 31. Ne5 Qa4 32. Neg6+ Nxg6 33. Nxg6+ Kh7 34. Qxa4 bxa4 35. Nxe7 Rxd3 36. f8=Q 1-0


[Site "https://www.chess.com"]

[Event "Titled Tuesday Blitz February 22 Early 2022"]
[White "Novikov, Evgenij"]
[Black "Sjugirov, Sanan"]
[WhiteFideId "4125380"]
[BlackFideId "4189302"]
[WhiteElo "2242"]
[BlackElo "2602"]
[Result "0-1"]
[Round "01"]
[TimeControl "180+1"]
[Date "2022.02.22"]
[WhiteClock "0:00:03"]
[BlackClock "0:01:15"]

1. e4 c5 2. Nf3 d6 3. d4 cxd4 4. Nxd4 Nf6 5. Nc3 a6 6. a4 e5 7. Nf3 h6 8. Bc4 Be7 9. O-O O-O 10. Be3 Be6 11. Bxe6 fxe6 12. Qd2 Nc6 13. Rfd1 Rc8 14. Rac1 Qc7 15. h3 Rf7 16. Nh2 Na5 17. Qe2 Nc4 18. Rb1 Qc6 19. f3 Nxe3 20. Qxe3 Nh5 21. Ng4 Nf4 22. Kh2 b5 23. axb5 axb5 24. Rd2 Bg5 25. Qe1 b4 26. Nd1 Nh5 27. Nde3 Bf4+ 28. Kg1 Qc5 29. Rbd1 Rc6 30. Re2 Ng3 31. Rf2 h5 0-1


[Site "https://www.chess.com"]

[Event "Titled Tuesday Blitz February 22 Early 2022"]
[White "Nugumanov, Bakhtiyar"]
[Black "Tasev, Dejan"]
[WhiteFideId "13701797"]
[BlackFideId "936618"]
[WhiteElo "2262"]
[BlackElo "2253"]
[Result "0-1"]
[Round "01"]
[TimeControl "180+1"]
[Date "2022.02.22"]
[WhiteClock "0:00:02"]
[BlackClock "0:00:17"]

1. Nf3 Nf6 2. c3 g6 3. g3 Bg7 4. Bg2 O-O 5. c4 b6 6. O-O Bb7 7. d3 c5 8. Nc3 d6 9. Bg5 h6 10. Bxf6 Bxf6 11. Qd2 Bg7 12. a3 Nc6 13. Rab1 a5 14. e3 Rc8 15. d4 cxd4 16. exd4 e5 17. d5 Ne7 18. b3 f5 19. Rfe1 g5 20. h4 g4 21. Nh2 Ng6 22. h5 Nh8 23. f3 gxf3 24. Bxf3 Nf7 25. Bg2 Ng5 26. Nf3 Nxf3+ 27. Bxf3 Kh7 28. Kg2 Bf6 29. Qc2 e4 30. Nxe4 Be5 31. Nf2 Qg5 32. g4 Rg8 33. Nh3 Qf6 34. Kh1 Rcf8 35. Qxf5+ Qxf5 36. gxf5 Bc8 37. Be4 Rg3 38. Nf2 Rg5 39. Rg1 Rxh5+ 40. Kg2 Bxf5 41. Bxf5+ Rhxf5 42. Nh3 Rh5 43. Nf2 Rh2+ 44. Kf1 Rfxf2+ 45. Ke1 Rc2 46. Rd1 Bc3+ 47. Kf1 Rhf2# 0-1


[Site "https://www.chess.com"]

[Event "Titled Tuesday Blitz February 22 Early 2022"]
[White "Obolentseva, Alexandra"]
[Black "De Souza Sa, Apolo"]
[WhiteFideId "24153648"]
[BlackFideId "324225390"]
[WhiteElo "2113"]
[BlackElo "1828"]
[Result "1-0"]
[Round "01"]
[TimeControl "180+1"]
[Date "2022.02.22"]
[WhiteClock "0:00:44"]
[BlackClock "0:00:16"]

1. d4 Nf6 2. c4 g6 3. Nc3 d5 4. cxd5 Nxd5 5. Nf3 Bg7 6. e3 O-O 7. Bc4 Nxc3 8. bxc3 c5 9. O-O Nd7 10. h3 a6 11. e4 b5 12. Bd3 Qc7 13. Be3 Bb7 14. Rc1 e5 15. Bb1 Rad8 16. Qe2 f5 17. Ng5 Rde8 18. d5 f4 19. Bd2 c4 20. Ne6 Rxe6 21. dxe6 Nc5 22. f3 Qd6 23. Rfd1 Qxe6 24. Be1 Nd7 25. Bf2 Nf6 26. Rd2 g5 27. Rcd1 h5 28. a4 g4 29. hxg4 hxg4 30. Ba2 g3 31. Bc5 Nd7 32. Rxd7 Qh6 33. Kf1 Qh1+ 34. Bg1 Bc6 35. R7d6 Rc8 36. Rd8+ Rxd8 37. Rxd8+ Kf7 38. Rd6 Be8 39. axb5 Bf8 40. Qxc4+ Kg7 41. Qg8# 1-0


[Site "https://www.chess.com"]

[Event "Titled Tuesday Blitz February 22 Early 2022"]
[White "Omariev, Maksim"]
[Black "Sviridov, Valery"]
[WhiteFideId "4193423"]
[BlackFideId "4120680"]
[WhiteElo "2502"]
[BlackElo "2454"]
[Result "0-1"]
[Round "01"]
[TimeControl "180+1"]
[Date "2022.02.22"]
[WhiteClock "0:00:09"]
[BlackClock "0:00:43"]

1. g4 d5 2. Bg2 Bxg4 3. c4 c6 4. Qb3 Nf6 5. Qxb7 Nbd7 6. d3 e6 7. Nf3 Be7 8. O-O O-O 9. b3 Qb6 10. Qxb6 axb6 11. Nc3 Rfe8 12. Bb2 h6 13. a3 Nc5 14. b4 Nb3 15. Rad1 c5 16. cxd5 exd5 17. bxc5 bxc5 18. Ne5 Be6 19. e4 d4 20. Nb5 Reb8 21. Nc7 Bd6 22. Nxe6 Bxe5 23. f4 fxe6 24. fxe5 Nd7 25. Bh3 Ra6 26. Bc1 Nxc1 27. Rxc1 Rb3 28. Rfd1 Kf7 29. Rb1 Raxa3 30. Rxb3 Rxb3 31. Kf2 Nxe5 32. Ke2 c4 33. dxc4 Rxh3 34. Rxd4 Rxh2+ 35. Ke3 Rh3+ 36. Kf4 Kf6 0-1


[Site "https://www.chess.com"]

[Event "Titled Tuesday Blitz February 22 Early 2022"]
[White "Oparin, Grigoriy"]
[Black "Papp, Petra"]
[WhiteFideId "24125890"]
[BlackFideId "739049"]
[WhiteElo "2685"]
[BlackElo "2259"]
[Result "1-0"]
[Round "01"]
[TimeControl "180+1"]
[Date "2022.02.22"]
[WhiteClock "0:01:16"]
[BlackClock "0:00:02"]

1. d4 Nf6 2. c4 c5 3. Nf3 cxd4 4. Nxd4 e5 5. Nb5 d5 6. cxd5 Bc5 7. e3 O-O 8. N1c3 Bf5 9. d6 Na6 10. a3 Rc8 11. Be2 Ne4 12. O-O Nxc3 13. bxc3 Bb6 14. a4 Nc5 15. a5 Bxa5 16. Nxa7 Ra8 17. Nb5 Ne4 18. Bb2 Qg5 19. Bf3 Rfd8 20. c4 Nc5 21. Bxe5 Bd3 22. Bf4 Qg6 23. Be2 Bc2 24. Qd5 Nb3 25. Ra2 h6 26. Bh5 Qd3 27. Bxf7+ Kh8 28. Qxd3 Bxd3 29. Rd1 Be4 30. Bd5 Bxd5 31. Rxd5 Bb6 32. Rxa8 Rxa8 33. g4 Nc5 34. Be5 Nd7 35. Bd4 Ba5 36. e4 Rc8 37. e5 Rxc4 38. e6 Nb6 39. e7 Rc8 40. Bxb6 Bxb6 41. d7 Rc2 42. Kg2 1-0


[Site "https://www.chess.com"]

[Event "Titled Tuesday Blitz February 22 Early 2022"]
[White "Oro, Luis"]
[Black "Dev, Shah"]
[WhiteFideId "104094"]
[BlackFideId "35019058"]
[WhiteElo "2301"]
[BlackElo "2098"]
[Result "0-1"]
[Round "01"]
[TimeControl "180+1"]
[Date "2022.02.22"]
[WhiteClock "0:00:09"]
[BlackClock "0:00:06"]

1. e4 e5 2. Nf3 Nc6 3. Bc4 Bc5 4. c3 Nf6 5. d3 h6 6. O-O d6 7. a4 a5 8. Nbd2 O-O 9. Re1 Bb6 10. Nf1 Ne7 11. Ng3 Ng6 12. Be3 c6 13. Qd2 Bxe3 14. fxe3 d5 15. exd5 cxd5 16. Bb5 Bg4 17. Rf1 e4 18. Nd4 Ne5 19. dxe4 dxe4 20. Rf4 Ng6 21. Rf2 h5 22. Raf1 h4 23. Ngf5 Nh5 24. Qc2 Qg5 25. Qxe4 Nf6 26. Qd3 Ne5 27. Qd2 Ne4 28. Qc2 Nxf2 29. Qxf2 Bxf5 30. Nxf5 h3 31. g3 Rad8 32. Nd4 Ng4 33. Qf4 Qxf4 34. exf4 Nf6 35. Re1 Nd5 36. Bc4 Nf6 37. Bb5 Nd5 38. Nf5 g6 39. Nh6+ Kg7 40. Ng4 Nf6 41. Nf2 Rd2 42. b3 Rc8 43. Rc1 Rb2 44. Bc4 Rd8 45. Nd3 Rxb3 46. Bxb3 Rxd3 47. Bc4 Rd2 48. Bb5 Ng4 49. Kf1 Nxh2+ 50. Ke1 Nf3+ 51. Kf1 h2 0-1


[Site "https://www.chess.com"]

[Event "Titled Tuesday Blitz February 22 Early 2022"]
[White "Osmonbekov, Talaibek"]
[Black "Terzi, Alexei"]
[WhiteFideId "2017253"]
[BlackFideId "13505076"]
[WhiteElo "2135"]
[BlackElo "2031"]
[Result "1-0"]
[Round "01"]
[TimeControl "180+1"]
[Date "2022.02.22"]
[WhiteClock "0:00:09"]
[BlackClock "0:00:05"]

1. d4 Nf6 2. Nc3 c5 3. d5 d6 4. e4 g6 5. Be2 Bg7 6. Nf3 O-O 7. Nd2 e6 8. O-O exd5 9. exd5 Re8 10. f4 Na6 11. Nc4 Nc7 12. a4 Ne4 13. Nxe4 Rxe4 14. Bd3 Re8 15. f5 Bd4+ 16. Kh1 Nxd5 17. Qf3 Nb4 18. fxg6 fxg6 19. Nxd6 Rf8 20. Bc4+ Kg7 21. Bh6+ Kxh6 22. Qxf8+ Qxf8 23. Rxf8 Nxc2 24. Rc1 Ne3 25. Rxc8 Rxc8 26. Nxc8 Ng4 27. h3 Nf2+ 28. Kh2 Ne4 29. Nxa7 Bxb2 30. Rb1 Be5+ 31. Kg1 Bd4+ 32. Kh1 Nd2 33. Rc1 Be3 34. Rc2 Ne4 35. g4 Ng3+ 36. Kg2 Bf4 37. Kf3 Bc7 38. Nb5 Bb8 39. Bd5 Kg5 40. Rxc5 Kh4 41. Bxb7 Kxh3 42. Rc8 Be5 43. a5 Bb2 44. a6 Bc1 45. a7 h5 46. gxh5 gxh5 47. a8=Q h4 48. Rh8 Kh2 49. Qb8 Kg1 50. Rxh4 Ne2 51. Qa7+ Kf1 52. Rh1+ Ng1+ 53. Rxg1# 1-0


[Site "https://www.chess.com"]

[Event "Titled Tuesday Blitz February 22 Early 2022"]
[White "Ozates, Tuna"]
[Black "Jumabayev, Rinat"]
[WhiteFideId "6354521"]
[BlackFideId "13702661"]
[WhiteElo "1872"]
[BlackElo "2561"]
[Result "0-1"]
[Round "01"]
[TimeControl "180+1"]
[Date "2022.02.22"]
[WhiteClock "0:00:26"]
[BlackClock "0:00:09"]

1. e4 e6 2. d4 d5 3. e5 c5 4. c3 Bd7 5. Nf3 Qb6 6. a3 cxd4 7. cxd4 Bb5 8. Bxb5+ Qxb5 9. Nc3 Qb6 10. O-O Nc6 11. b4 Nge7 12. Na4 Qd8 13. Nc5 Qc8 14. Bg5 b6 15. Nd3 Nf5 16. Rc1 Qd7 17. Be3 a5 18. b5 Na7 19. a4 Be7 20. Rc3 O-O 21. Qc2 Rfc8 22. Rc1 Rxc3 23. Qxc3 Rc8 24. Qd2 Nxe3 25. fxe3 Bf8 26. Rxc8 Qxc8 27. Qc1 Qxc1+ 28. Nxc1 f6 29. Kf2 Kf7 30. Ke2 Nc8 31. Kd3 Ba3 32. Ne2 Ne7 33. g4 Ng6 34. exf6 gxf6 35. e4 Bd6 36. h4 dxe4+ 37. Kxe4 Ne7 38. g5 f5+ 39. Kd3 Kg6 40. Ne5+ Kh5 41. Nf4+ Kxh4 42. Nxe6 Nd5 43. g6 hxg6 44. Nxg6+ Kg3 45. Kc4 Ne3+ 46. Kd3 Nd5 47. Ng7 Kg4 48. Ne5+ Kg5 49. Nc4 Be7 50. Ne6+ Kf6 51. Nc7 Nxc7 52. Nxb6 Ke6 53. Kc4 f4 54. d5+ Ke5 55. Nd7+ Kd6 56. b6 Kxd7 57. b7 Na6 58. Kb5 Nb8 59. Kxa5 f3 60. Kb6 f2 61. a5 f1=Q 62. Ka7 Qa6+ 63. Kxb8 Bd6# 0-1


[Site "https://www.chess.com"]

[Event "Titled Tuesday Blitz February 22 Early 2022"]
[White "Palu, Andres"]
[Black "Omelja, Artem"]
[WhiteFideId "119288"]
[BlackFideId "14119846"]
[WhiteElo "2050"]
[BlackElo "2418"]
[Result "0-1"]
[Round "01"]
[TimeControl "180+1"]
[Date "2022.02.22"]
[WhiteClock "0:01:19"]
[BlackClock "0:01:16"]

1. e4 c5 2. Nf3 e6 3. d4 cxd4 4. Nxd4 a6 5. Nc3 b5 6. g3 Bb7 7. Bg2 Nf6 8. Qd3 Nc6 9. O-O Qc7 10. Bg5 Ne5 11. Qe2 Bc5 12. Nb3 Bb6 13. Rad1 h5 14. Kh1 h4 15. Bxh4 Neg4 16. h3 Rxh4 17. e5 Rxh3+ 18. Kg1 Rxg3 0-1


[Site "https://www.chess.com"]

[Event "Titled Tuesday Blitz February 22 Early 2022"]
[White "Papasimakopoulos, Alexandros"]
[Black "Baches Garcia, Guillermo"]
[WhiteFideId "4244125"]
[BlackFideId "2209764"]
[WhiteElo "2340"]
[BlackElo "2402"]
[Result "1-0"]
[Round "01"]
[TimeControl "180+1"]
[Date "2022.02.22"]
[WhiteClock "0:00:06"]
[BlackClock "0:00:08"]

1. d4 Nf6 2. c4 e6 3. Nc3 d5 4. cxd5 Nxd5 5. e4 Nxc3 6. bxc3 c5 7. Rb1 Be7 8. Nf3 O-O 9. Bc4 cxd4 10. cxd4 Nc6 11. O-O b6 12. Be3 Bb7 13. Qe2 Rc8 14. Rfd1 Na5 15. Bd3 h6 16. h3 Qd6 17. d5 e5 18. Bd2 Rc7 19. Bb4 Qf6 20. Bxe7 Qxe7 21. Ba6 Bxa6 22. Qxa6 Nb7 23. Qxa7 Nd6 24. Qxb6 Rb7 25. Qe3 Rxb1 26. Rxb1 Ra8 27. Ra1 Ra4 28. Nd2 Qc7 29. f3 Qc2 30. a3 Rd4 31. Nf1 Nc4 32. Qc1 Qe2 33. a4 Nb2 34. Qe1 Qc4 35. a5 Nd3 36. Qe3 Qc3 37. Rd1 Qc2 38. Qd2 Qa4 39. Rb1 Nf4 40. Qf2 Qxa5 41. Kh2 Qa3 42. h4 Kh7 43. g3 Nd3 44. Qe2 Qc3 45. h5 f5 46. exf5 Rh4+ 47. gxh4 Nf4 48. Qf2 Ne2 49. Qxe2 Qc7 50. Qe4 Qc2+ 51. Qxc2 1-0


[Site "https://www.chess.com"]

[Event "Titled Tuesday Blitz February 22 Early 2022"]
[White "Paravyan, David"]
[Black "Pires, Marcos Vinicius Torsani"]
[WhiteFideId "4194985"]
[BlackFideId "2118939"]
[WhiteElo "2569"]
[BlackElo "2273"]
[Result "1-0"]
[Round "01"]
[TimeControl "180+1"]
[Date "2022.02.22"]
[WhiteClock "0:00:56"]
[BlackClock "0:00:10"]

1. e4 c5 2. Nf3 g6 3. d4 cxd4 4. Nxd4 Nc6 5. c4 Nf6 6. Nc3 d6 7. f3 Nxd4 8. Qxd4 Bg7 9. Be3 O-O 10. Qd2 Be6 11. Rc1 Qa5 12. b3 Rfc8 13. Be2 a6 14. Nd5 Qxd2+ 15. Kxd2 Nxd5 16. cxd5 Bd7 17. Bd3 f5 18. Rxc8+ Rxc8 19. Rc1 Rxc1 20. Kxc1 Kf7 21. Kd2 Be5 22. g3 fxe4 23. Bxe4 Bf5 24. Kd3 e6 25. Kc4 Bxe4 26. fxe4 exd5+ 27. Kxd5 Ke7 28. a4 Kd7 29. Bf4 Bxf4 30. gxf4 Ke7 31. a5 Kd7 32. f5 Ke7 33. f6+ Kxf6 34. Kxd6 Kf7 35. e5 Ke8 36. Ke6 g5 37. Kf5 Ke7 38. Kxg5 Ke6 39. Kh6 Kxe5 40. Kxh7 Kf6 41. Kg8 Kg5 42. Kf7 1-0


[Site "https://www.chess.com"]

[Event "Titled Tuesday Blitz February 22 Early 2022"]
[White "Pavlidou, Ekaterini"]
[Black "Cabarkapa, Novak"]
[WhiteFideId "4213262"]
[BlackFideId "943746"]
[WhiteElo "2127"]
[BlackElo "2443"]
[Result "1/2-1/2"]
[Round "01"]
[TimeControl "180+1"]
[Date "2022.02.22"]
[WhiteClock "0:00:19"]
[BlackClock "0:00:08"]

1. d4 Nf6 2. c4 g6 3. Nc3 Bg7 4. e4 O-O 5. Bd3 c6 6. Nge2 a6 7. a4 a5 8. O-O Na6 9. h3 Nb4 10. Bb1 d6 11. f4 e5 12. fxe5 dxe5 13. d5 Nd7 14. Be3 Qe7 15. d6 Qh4 16. c5 Bh6 17. Bf2 Qd8 18. Ra3 Na6 19. Qc2 Ndxc5 20. Rd1 Nb4 21. Bxc5 Nxc2 22. Bxc2 Bd7 23. Rb3 b5 24. axb5 cxb5 25. Nd5 Kh8 26. Bb6 Qc8 27. Bc7 b4 28. Nb6 Qa6 29. Bd3 Bb5 30. Nxa8 Bxd3 31. Rbxd3 Qxa8 32. d7 Qxe4 33. Ng3 Be3+ 34. Kh2 Bf4 35. d8=Q Rxd8 36. Rxd8+ Kg7 37. R1d3 a4 38. Bb6 h5 39. h4 Bxg3+ 40. Kxg3 Qf4+ 41. Kh3 Qg4+ 42. Kh2 Qxh4+ 43. Kg1 Qe1+ 44. Kh2 Qh4+ 45. Kg1 a3 46. bxa3 bxa3 47. Bf2 Qa4 48. Rd1 Qa5 49. R8d5 Qc3 50. R5d3 Qc2 51. R3d2 Qb3 52. Ra1 h4 53. Rda2 g5 54. Rxa3 Qb2 55. R3a2 Qc3 56. Ra3 Qb2 57. R3a2 Qb4 58. Re1 f6 59. Ra7+ Kg6 60. Raa1 Qc3 61. Rab1 Qd3 62. Rbd1 Qc2 63. Rc1 Qb3 64. Rb1 Qc3 65. Rbc1 Qa5 66. Ra1 Qd5 67. Red1 Qe4 68. Rd7 g4 69. Re1 Qf4 70. Bxh4 g3 71. Bxg3 Qxg3 72. Rdd1 Qf4 73. Rf1 Qe3+ 74. Rf2 Kg5 75. Rf1 f5 76. Kh2 f4 77. Rf3 Qe4 78. g3 Qc2+ 79. R1f2 Qh7+ 80. Kg2 Qe4 81. gxf4+ exf4 82. Kg1 Qe1+ 83. Rf1 Qh4 84. Rxf4 Qg3+ 85. Kh1 Qh3+ 86. Kg1 Qg3+ 87. Kh1 Qxf4 88. Rxf4 Kxf4 1/2-1/2


[Site "https://www.chess.com"]

[Event "Titled Tuesday Blitz February 22 Early 2022"]
[White "Perez Gormaz, Matias"]
[Black "Mayaud, Raphael"]
[WhiteFideId "3406342"]
[BlackFideId "627151"]
[WhiteElo "2352"]
[BlackElo "2191"]
[Result "0-1"]
[Round "01"]
[TimeControl "180+1"]
[Date "2022.02.22"]
[WhiteClock "0:02:34"]
[BlackClock "0:02:09"]

1. e4 d5 2. exd5 Qxd5 3. Nc3 Qa5 4. d4 c6 5. Bd2 Nf6 6. Nf3 Bf5 7. Bc4 e6 8. O-O Qc7 9. Re1 Be7 10. Ne5 Nbd7 11. Bb3 Nxe5 12. dxe5 Nd5 13. Ne4 Qxe5 14. Ng3 Qf6 15. Bxd5 cxd5 16. Bc3 Qg6 17. Qxd5 exd5 0-1


[Site "https://www.chess.com"]

[Event "Titled Tuesday Blitz February 22 Early 2022"]
[White "Perez Ponsa, Federico"]
[Black "Kashefi, Amir Hosein"]
[WhiteFideId "117927"]
[BlackFideId "12557935"]
[WhiteElo "2672"]
[BlackElo "2098"]
[Result "1-0"]
[Round "01"]
[TimeControl "180+1"]
[Date "2022.02.22"]
[WhiteClock "0:01:03"]
[BlackClock "0:00:30"]

1. e4 d6 2. d4 Nf6 3. Nc3 g6 4. Be3 Bg7 5. Qd2 O-O 6. Bh6 e5 7. Bxg7 Kxg7 8. Nf3 Kg8 9. dxe5 dxe5 10. Qxd8 Rxd8 11. Nxe5 Re8 12. f4 Nc6 13. Bb5 a6 14. Bxc6 bxc6 15. O-O-O c5 16. Rhe1 Be6 17. h3 Rab8 18. g4 Rb4 19. Nd3 Rc4 20. e5 Nd5 21. Nxd5 Bxd5 22. b3 Rd4 23. Nxc5 Rxd1+ 24. Rxd1 Bg2 25. Rd3 g5 26. Nd7 Kg7 27. fxg5 Re7 28. h4 Bf1 29. Rd4 Bb5 30. Nf6 Re6 31. Rd8 Re7 32. Rg8# 1-0


[Site "https://www.chess.com"]

[Event "Titled Tuesday Blitz February 22 Early 2022"]
[White "Pert, Nicholas"]
[Black "Sanchez, Robert"]
[WhiteFideId "403989"]
[BlackFideId "2034360"]
[WhiteElo "2536"]
[BlackElo "2293"]
[Result "1-0"]
[Round "01"]
[TimeControl "180+1"]
[Date "2022.02.22"]
[WhiteClock "0:01:18"]
[BlackClock "0:00:27"]

1. d4 d5 2. Nf3 e6 3. Bf4 Nf6 4. e3 c5 5. c3 Nc6 6. Nbd2 Bd6 7. Bg3 Qc7 8. Bd3 cxd4 9. exd4 Nh5 10. Qe2 Nf4 11. Bxf4 Bxf4 12. g3 Bd6 13. Kf1 h6 14. Re1 O-O 15. h4 f5 16. Ne5 Nxe5 17. dxe5 Bc5 18. Nf3 Bd7 19. Kg2 f4 20. g4 h5 21. gxh5 Be8 22. Bg6 Bxg6 23. hxg6 Rf5 24. Kh3 Qe7 25. Rhg1 Raf8 26. Rg4 Rh5 27. Reg1 Rff5 28. Rg5 Rhxg5 29. Rxg5 Qe8 30. Rxf5 exf5 31. h5 Qe7 32. Qd2 d4 33. cxd4 1-0


[Site "https://www.chess.com"]

[Event "Titled Tuesday Blitz February 22 Early 2022"]
[White "Pesotskiy, Mikhail"]
[Black "Jobava, Baadur"]
[WhiteFideId "34164453"]
[BlackFideId "13601520"]
[WhiteElo "2010"]
[BlackElo "2617"]
[Result "0-1"]
[Round "01"]
[TimeControl "180+1"]
[Date "2022.02.22"]
[WhiteClock "0:01:29"]
[BlackClock "0:02:16"]

1. d4 Nf6 2. c4 c5 3. d5 e6 4. Nc3 exd5 5. cxd5 g6 6. e4 d6 7. Bd3 Bg7 8. h3 O-O 9. Nf3 Re8 10. O-O a6 11. a4 Nbd7 12. Re1 Ne5 13. Nxe5 Rxe5 14. f4 Re8 15. e5 dxe5 16. fxe5 Nxd5 17. Nxd5 Qxd5 18. Bf4 Be6 19. Qc2 Qd4+ 20. Kh1 Qxf4 0-1


[Site "https://www.chess.com"]

[Event "Titled Tuesday Blitz February 22 Early 2022"]
[White "Petrosyan, Manuel"]
[Black "Gracia Alvarez, Gerardo Antonio"]
[WhiteFideId "13300857"]
[BlackFideId "5109124"]
[WhiteElo "2592"]
[BlackElo "2139"]
[Result "1/2-1/2"]
[Round "01"]
[TimeControl "180+1"]
[Date "2022.02.22"]
[WhiteClock "0:00:02"]
[BlackClock "0:00:08"]

1. d4 Nf6 2. c4 g6 3. Nc3 Bg7 4. e4 O-O 5. Nf3 d6 6. Be2 Nbd7 7. O-O e5 8. Be3 Qe7 9. Qc2 c6 10. Rfe1 h6 11. h3 Re8 12. dxe5 dxe5 13. Rad1 Nc5 14. b4 Ne6 15. c5 Nh5 16. Bf1 a5 17. a3 axb4 18. axb4 Nef4 19. Nd2 Be6 20. Kh2 f5 21. Nc4 Nxg2 22. Kxg2 Qh4 23. Kh2 f4 24. Bc1 f3 25. Re3 Rf8 26. Nb6 Ra1 27. Bb2 Qf4+ 28. Kg1 Qg5+ 29. Kh1 Qh4 30. Kh2 Qf4+ 31. Kg1 Qg5+ 32. Kh1 Qh4 33. Kh2 1/2-1/2


[Site "https://www.chess.com"]

[Event "Titled Tuesday Blitz February 22 Early 2022"]
[White "Petrova, Irina"]
[Black "Shahaliyev, Ismayil"]
[WhiteFideId "14124122"]
[BlackFideId "13406388"]
[WhiteElo "1988"]
[BlackElo "2105"]
[Result "0-1"]
[Round "01"]
[TimeControl "180+1"]
[Date "2022.02.22"]
[WhiteClock "0:00:03"]
[BlackClock "0:00:18"]

1. e4 e6 2. d4 d5 3. Nc3 Bb4 4. Ne2 Nf6 5. Bg5 h6 6. Bxf6 Qxf6 7. a3 Bxc3+ 8. Nxc3 dxe4 9. Nxe4 Qg6 10. Qf3 O-O 11. Bd3 Nc6 12. c3 e5 13. d5 Ne7 14. c4 f5 15. Nc5 e4 16. Qe3 exd3 17. O-O-O Qd6 18. Rhe1 Ng6 19. Ne6 Bxe6 20. dxe6 Rae8 21. Rxd3 Qc6 22. c5 Rf6 23. Qg3 Rfxe6 24. Red1 Qxc5+ 25. Rc3 Qe5 26. Qf3 c6 27. Rd7 R6e7 28. Rd2 Qe1+ 29. Kc2 Qe4+ 30. Rcd3 Ne5 31. Qxe4 fxe4 32. Rd4 Ng4 33. h3 Nf6 34. Rd6 Kf7 35. Kb3 Re5 36. R6d4 R8e6 37. Rb4 Re7 38. Rbd4 Nd5 39. Kc2 Rf5 40. g4 Rf4 41. Kb3 a5 42. a4 Re6 43. Kc4 Ref6 44. Kc5 Rxf2 0-1


[Site "https://www.chess.com"]